 Dungeon Crawl Stone Soup version 0.20-a0-1122-gb7cbeb9 (webtiles) character file.

1589 rgaf the Slicer (level 9, -4/54 HPs)
             Began as a Halfling Assassin on May 11, 2017.
             Was an Initiate of Trog.
             Slain by an orc warrior
             ... wielding a +0 trident
              (9 damage)
             ... on level 6 of the Dungeon.
             The game lasted 00:14:53 (7374 turns).

rgaf the Slicer (Halfling Assassin)                 Turns: 7374, Time: 00:14:54

Health: -4/54      AC: 10    Str: 14    XL:     9   Next: 15%
Magic:  9/9        EV:  7    Int: 10    God:    Trog [......]
Gold:   253        SH:  4    Dex: 16    Spells: 8/8 levels left

rFire    x . .     SeeInvis .   c - +0 scimitar
rCold    + . .     Gourm    +   A - +0 buckler
rNeg     . . .     Faith    .   i - +0 chain mail
rPois    .         Spirit   .   (no helmet)
rElec    .         Reflect  .   k - +0 cloak
rCorr    .         Harm     .   J - +0 pair of gloves
MR       .....                  (no boots)
Stlth    ..........             l - amulet of the gourmand
Regen    0.2/turn               B - ring of ice
MPRegen  0.2/turn               (no ring)

@: slowed, very slow
A: mutation resistance 1
a: Burn Spellbooks, Renounce Religion


You were on level 6 of the Dungeon.
You worshipped Trog.
Trog was noncommittal.
You were hungry.

You visited 1 branch of the dungeon, and saw 6 of its levels.

You collected 283 gold pieces.
You spent 30 gold pieces at shops.

Inventory:

Hand Weapons
 a - a +2 dagger
 b - a +1 blowgun
 c - a +0 scimitar (weapon)
 E - a -2 rapier
Missiles
 e - 8 poisoned needles
 q - 4 tomahawks (quivered)
 H - 3 needles of sleeping
Armour
 d - a +0 cloak
 i - a +0 chain mail (worn)
 k - a +0 cloak (worn)
 u - a +0 robe
 A - a +0 buckler (worn)
 J - a +0 pair of gloves (worn)
Jewellery
 l - an amulet of the gourmand (around neck)
 B - a ring of ice (left hand)
Wands
 y - a wand of digging (7/24)
 N - a wand of iceblast (7/15)
Scrolls
 h - a scroll of immolation
 j - 5 scrolls of remove curse
 t - 5 scrolls of identify
 w - a scroll of amnesia
 C - a scroll of magic mapping
Potions
 f - a potion of degeneration {unknown}
 m - a potion of mutation
 n - 2 potions of flight
 p - 2 potions of ambrosia {unknown}
 s - 2 potions of heal wounds {unknown}
 v - a potion of lignification
 z - a potion of might {unknown}
 D - a potion of agility {unknown}
 F - 2 potions of brilliance {unknown}
 G - a potion of cancellation {unknown}
 I - a potion of berserk rage {unknown}
 K - 3 potions of curing {unknown}
Books
 O - a book of Misfortune

   Spells                             Type                      Level
   a - Confusing Touch                Hexes                        1
   b - Confuse                        Hexes                        3
   c - Gell's Gravitas                Translocation                3
   d - Petrify                        Transmutation/Earth          4
   e - Metabolic Englaciation         Hexes/Ice                    5
   f - Yara's Violent Unravelling     Hexes/Transmutation          5
   Trog disapproves of the use of such an item.
Comestibles
 g - 3 bread rations
 o - 3 meat rations
 r - 7 chunks of flesh
 x - a royal jelly


   Skills:
 - Level 1.7 Fighting
 + Level 9.7 Short Blades
 + Level 7.8 Throwing
 - Level 1.1 Dodging
 - Level 4.3 Stealth


You had 8 spell levels left.
You didn't know any spells.

Dungeon Overview and Level Annotations

Branches:
Dungeon (6/15)
 Temple: D:4-7

Altars:
Ashenzari
Cheibriados
Fedhas
Hepliaklqana
Trog

Shops:
D:4 =%*!   D:6 =


Innate Abilities, Weirdness & Mutations

You are small and have problems with some larger weapons.
You are somewhat resistant to further mutation.


Message History

* * * LOW HITPOINT WARNING * * *
The orc wizard gestures wildly while chanting.
The orc wizard blinks!
The orc wizard hits you but does no damage.
The orc wizard mumbles some strange words.
The orc wizard blinks!
The orc wizard completely misses you. You block the orc warrior's attack.
The orc wizard gestures at you while chanting.
The magic dart hits you!
* * * LOW HITPOINT WARNING * * *
The orc wizard hits you with a dagger.
* * * LOW HITPOINT WARNING * * *
The orc wizard hits you but does no damage.
The orc wizard closely misses you. The orc wizard hits you with a dagger.
* * * LOW HITPOINT WARNING * * *
The orc wizard gestures at you while chanting.
You easily resist.
The orc wizard hits you with a dagger.
* * * LOW HITPOINT WARNING * * *
The orc warrior hits you from afar with a trident!
You die...

o)o....o.'...........# #.#
)...##.###...........# #.#
###.##..............?# #.#
#.######...........# #.# **#o#
#...........# #.# .,o.#
#...........###****#.#*
....#****#....o.........,,,,...*
o....,,,*#....o.o....##*********
.....,,,*#.....o@....#
.o..,,,,*#.......>...#
.....,,,*#...........#
,**,*,,,.............#
,**,*,,.........######
,**,*,,.........#
,>,,,,,,........#
,,,,,,,,,.......*
,,,,,,,,,,,,,,,,*


You could see an orc warrior, 2 orc wizards and an orc.

Vanquished Creatures
  A sky beast (D:5)
  An ice beast (D:5)
  An orc warrior (D:5)
  A phantom (D:5)
  A hornet zombie (D:5)
  2 ogres
  3 centaurs (D:5)
  2 crimson imps (D:5)
  A bullfrog zombie (D:6)
  3 orc priests
  2 hounds
  3 orc wizards
  A bullfrog skeleton (D:5)
  3 worker ants
  A hound skeleton (D:5)
  Robin (D:4)
  5 adders
  4 gnolls (D:6)
  A shadow imp (D:5)
  2 oozes
  An adder skeleton (D:5)
  An adder zombie (D:5)
  5 worms
  3 dart slugs
  3 leopard geckos
  17 orcs
  6 giant cockroaches
  17 goblins
  11 hobgoblins
  12 jackals
  7 kobolds
  2 quokkas (D:5)
  8 bats
  8 frilled lizards
  A leopard gecko zombie (D:5)
  2 quokka skeletons (D:4)
  2 quokka zombies (D:5)
  15 rats
160 creatures vanquished.

Vanquished Creatures (others)
  A fungus (D:3)
1 creature vanquished.

Grand Total: 161 creatures vanquished

Notes
Turn   | Place    | Note
-------+----------+-------------------------------------------
     0 | D:1      | rgaf the Halfling Assassin began the quest for the Orb.
     0 | D:1      | Reached XP level 1. HP: 14/14 MP: 1/1
    76 | D:1      | Reached skill level 3 in Short Blades
    76 | D:1      | Reached XP level 2. HP: 13/19 MP: 2/2
   322 | D:1      | Reached XP level 3. HP: 20/24 MP: 3/3
  1049 | D:2      | Found a hazy altar of Hepliaklqana.
  1202 | D:2      | Reached XP level 4. HP: 22/29 MP: 4/4
  1433 | D:2      | Reached skill level 4 in Short Blades
  1943 | D:3      | Found a blossoming altar of Fedhas.
  1972 | D:3      | Found a snail-covered altar of Cheibriados.
  2432 | D:3      | Reached XP level 5. HP: 29/34 MP: 5/5
  2438 | D:3      | Noticed an ogre
  2473 | D:3      | Killed an ogre
  2473 | D:3      | Reached skill level 5 in Short Blades
  2473 | D:3      | Reached XP level 6. HP: 16/39 MP: 6/6
  2961 | D:4      | Found Naolloca's Jewellery Shop.
  2974 | D:4      | Found Pegaor Xore's Assorted Antiques.
  3015 | D:4      | Noticed Robin
  3174 | D:4      | Killed Robin
  3193 | D:4      | Found Uchy's Distillery.
  3226 | D:4      | Bought a potion of lignification for 30 gold pieces
  3460 | D:4      | Reached skill level 6 in Short Blades
  3555 | D:4      | Found Bequk's Food Emporium.
  3926 | D:5      | Entered Level 5 of the Dungeon
  3929 | D:5      | Noticed an orc warrior
  4013 | D:5      | Reached XP level 7. HP: 40/44 MP: 7/7
  4031 | D:5      | Reached skill level 5 in Throwing
  4308 | D:5      | Reached skill level 7 in Short Blades
  4539 | D:5      | Reached XP level 8. HP: 49/49 MP: 8/8
  5606 | D:6      | Found Xieli's Jewellery Shop.
  5615 | D:6      | Reached skill level 8 in Short Blades
  5924 | D:5      | Noticed a moth of wrath
  5956 | D:5      | Found a bloodstained altar of Trog.
  6451 | D:5      | Reached skill level 9 in Short Blades
  6575 | D:5      | Reached XP level 9. HP: 37/54 MP: 9/9
  6818 | D:5      | Found a shattered altar of Ashenzari.
  6850 | D:5      | Noticed a troll
  7099 | D:5      | Became a worshipper of Trog the Wrathful
  7374 | D:6      | Slain by an orc warrior

Vault maps used:
D:1:      minmay_arrival_nine_rooms
D:2:      lemuel_round_altar, first_bread
D:3:      minmay_diamond_boxcup, lemuel_doored_altar, fedhas_altar_3,
          minmay_misc_feat_ornament
D:4:      serial_shops, shop, shop_statue, nicolae_shop_stone, shop, uniq_robin
D:5:      kennysheep_mini, tgw_trog, minmay_misc_feat_cross, serial_bayou_pond_e
D:6:      grunt_temple_overflow_holy_war, basic_altar, serial_shops,
          nicolae_shop_trees

Skill      XL: |  1  2  3  4  5  6  7  8 |
---------------+-------------------------+-----
Short Blades   | 3 4 5 6 7 9 |  9.7
Throwing       | 3 4 5 7 |  7.8
Fighting       | |  1.7
Dodging        | |  1.1
Stealth        | |  4.3

Action                   |  1- 3 |  4- 6 |  7- 9 || total
-------------------------+-------+-------+-------++-------
Melee: Dagger            |   123 |   297 |    58 ||   478
       Scimitar          |       |     3 |   313 ||   316
 Fire: Blowgun           |       |     7 |    30 ||    37
Throw: Tomahawk          |       |       |    14 ||    14
  Use: Scroll            |       |     5 |     6 ||    11
       Potion            |       |     1 |     3 ||     4
 Stab: Sleeping          |     2 |       |       ||     2
  Eat: Chunk             |     1 |     9 |     9 ||    19
       Royal jelly       |       |       |     1 ||     1
Armor: Robe              |     3 |       |       ||     3
       Chain mail        |    38 |   127 |   235 ||   400
       Skin              |       |    28 |     1 ||    29
Dodge: Dodged            |    64 |    88 |   164 ||   316
Block: Buckler           |       |    41 |    87 ||   128
       Rpst.: Scimitar   |       |       |    49 ||    49
